 Dungeon Crawl Stone Soup version 0.22-a0-189-g981819d (webtiles) character file.

1248 wolfsongas the Chopper (level 8, -10/73 HPs)
             Began as a Deep Dwarf Fighter on Feb 15, 2018.
             Mangled by an ogre
             ... wielding a +0 giant club
              (19 damage)
             ... on level 5 of the Dungeon.
             The game lasted 00:05:08 (2871 turns).

wolfsongas the Chopper (Deep Dwarf Fighter)         Turns: 2871, Time: 00:05:09

Health: -10/73     AC: 11    Str: 20 (21) XL:     8   Next: 26%
Magic:  8/8        EV: 11    Int:  9 (10) God:
Gold:   178        SH: 13    Dex: 14 (16) Spells: 7/7 levels left

rFire    . . .     SeeInvis +   a - +1 war axe
rCold    . . .     Gourm    .   c - +0 shield
rNeg     . . .     Faith    .   q - +0 chain mail of the Tuna {Dex+4 Stlth+}
rPois    .         Spirit   .   (no helmet)
rElec    .         Reflect  +   (no cloak)
rCorr    .         Harm     .   n - +0 pair of gloves
MR       +....                  (no boots)
Stlth    ..........             o - +3 amulet of reflection
HPRegen  0.00/turn              i - ring of see invisible
MPRegen  0.11/turn              p - +3 ring of evasion

@: non-regenerating
A: damage resistance, heal wounds, sense surroundings 1, no regeneration
a: Heal Wounds


You were on level 5 of the Dungeon.
You were full.

You visited 1 branch of the dungeon, and saw 5 of its levels.

You collected 178 gold pieces.

Inventory:

Hand Weapons
 a - a +1 war axe (weapon)
Armour
 b - a +0 scale mail
 c - a +0 shield (worn)
 n - a +0 pair of gloves (worn)
 q - the +0 chain mail of the Tuna (worn) {Dex+4 Stlth+}
   (You found it on level 4 of the Dungeon)

   It affects your dexterity (+4).
   It makes you more stealthy.
Jewellery
 i - a ring of see invisible (left hand)
 o - a +3 amulet of reflection (around neck)
 p - a +3 ring of evasion (right hand)
Wands
 l - a wand of iceblast (9)
 r - a wand of flame (13)
Scrolls
 g - a scroll of teleportation
 h - 3 scrolls of remove curse
 k - a scroll of blinking
 s - 2 scrolls of enchant weapon
 t - a scroll of identify
Potions
 d - a potion of might
 e - 2 potions of lignification
 j - a potion of magic {unknown}
 m - a potion of brilliance
 u - 2 potions of curing
Comestibles
 f - 6 rations


   Skills:
 + Level 4.5 Fighting
 * Level 6.7 Axes
 + Level 5.5 Armour
 + Level 4.0 Dodging
 + Level 5.6 Shields


You had 7 spell levels left.
You didn't know any spells.

Dungeon Overview and Level Annotations

Branches:
Dungeon (5/15)             Temple (0/1) D:4

Altars:
Cheibriados
Vehumet

Shops:
D:4 %


Innate Abilities, Weirdness & Mutations

You are resistant to damage.
You can heal yourself by infusing magical energy.
You passively map a small area around you.
You do not regenerate.


Message History

The hound zombie barely misses you.
You slash the hound zombie!
The hound zombie is heavily damaged.
You block the hound zombie's attack.
The hound zombie bites you but does no damage.
You hit the hound zombie.
The hound zombie is severely damaged.
You block the hound zombie's attack.
You slash the hound zombie!
You destroy the hound zombie!
An ogre comes into view. It is wielding a giant club.
The ogre moves out of view.
Found a war axe.
You barely miss the ogre. You block the ogre's attack.
You hit the ogre but do no damage. The ogre hits you with a giant club!
* * * LOW HITPOINT WARNING * * *
You slash the ogre!
The ogre is heavily wounded.
The ogre hits you with a giant club!!
You die...

.... #.# * *
...##.# .)##.#
#.##.# * #.##.# * *
*##..#.# , , ,
*#.....#
#.#.##.....#######
,
#....O@..........#
,
.'..........#####.#
.#..........# #.# ,
#..######..# #.# ,
,#. * *##.#
#.###### # ..>#
#....... , , * *
#### #..##### * *
#..# , , , , #..#


You could see an ogre.

Vanquished Creatures
  Pikel (D:4)
  Eustachio (D:4)
  The ghost of wolfdryt719 the Skirmisher, an amateur OgSk (D:3)
  An ogre (D:3)
  A centaur (D:5)
  2 howler monkeys
  2 hounds (D:4)
  Natasha (thrice) (D:2)
  A worker ant (D:4)
  A hound zombie (D:5)
  A hound skeleton (D:4)
  6 adders
  4 worms
  4 dart slugs
  3 leopard geckos (D:2)
  An orc (D:5)
  3 giant cockroaches
  8 goblins
  13 hobgoblins
  3 kobolds
  A quokka (D:3)
  A ball python (D:1)
  11 bats
  5 frilled lizards
  A leopard gecko skeleton (D:5)
  A quokka skeleton (D:4)
  4 rats
84 creatures vanquished.

Vanquished Creatures (others)
  A ball python (D:4)
1 creature vanquished.

Grand Total: 85 creatures vanquished

Notes
Turn   | Place    | Note
-------+----------+-------------------------------------------
     0 | D:1      | wolfsongas the Deep Dwarf Fighter began the quest for the Orb.
     0 | D:1      | Reached XP level 1. HP: 20/20 MP: 1/1
    51 | D:1      | Reached XP level 2. HP: 25/27 MP: 2/2
   469 | D:2      | Reached XP level 3. HP: 31/33 MP: 3/3
   539 | D:2      | Reached skill level 3 in Axes
   539 | D:2      | Reached skill level 1 in Dodging
   605 | D:2      | Noticed Natasha
   615 | D:2      | Killed Natasha
   615 | D:2      | Reached XP level 4. HP: 10/42 MP: 4/4
   880 | D:2      | Noticed Natasha
   882 | D:2      | Found a snail-covered altar of Cheibriados.
   887 | D:2      | Killed Natasha
  1098 | D:2      | Noticed Natasha
  1112 | D:2      | Killed Natasha
  1112 | D:2      | Reached XP level 5. HP: 26/49 MP: 5/5
  1218 | D:3      | Noticed an ogre
  1227 | D:3      | Killed an ogre
  1227 | D:3      | Reached skill level 4 in Axes
  1319 | D:3      | Reached XP level 6. HP: 20/56 MP: 6/6
  1338 | D:3      | Noticed wolfdryt719's ghost (amateur OgSk)
  1361 | D:3      | Killed wolfdryt719's ghost
  1818 | D:4      | Found Rale's Food Emporium.
  1890 | D:4      | Found a staircase to the Ecumenical Temple.
  1936 | D:4      | Found a radiant altar of Vehumet.
  1941 | D:4      | Got a twisted chain mail
  1946 | D:4      | Identified the cursed +0 chain mail of the Tuna {Dex+4 Stlth+} (You found it on level 4 of the Dungeon)
  1975 | D:4      | Noticed Pikel
  1975 | D:4      | Noticed a slave
  1975 | D:4      | Noticed a slave
  1975 | D:4      | Noticed a slave
  1975 | D:4      | Noticed a slave
  1983 | D:4      | Killed Pikel
  1983 | D:4      | Reached skill level 6 in Axes
  1983 | D:4      | Reached skill level 5 in Armour
  1983 | D:4      | Reached skill level 5 in Shields
  1983 | D:4      | Reached XP level 7. HP: 30/64 MP: 7/7
  2354 | D:4      | Noticed Eustachio
  2370 | D:4      | Killed Eustachio
  2370 | D:4      | Reached XP level 8. HP: 34/73 MP: 8/8
  2739 | D:5      | Entered Level 5 of the Dungeon
  2871 | D:5      | Mangled by an ogre

Vault maps used:
D:1:      scummos_arrival_checkerplants
D:2:      cheibriados_altar_1, uniq_natasha
D:3:      corexii_item_surrounded_by_moat, kennysheep_generic_room_8
D:4:      temple_doors_e, serial_shops, nicolae_shop_trees,
          vehumet_altar_wand_db, uniq_eustachio, uniq_pikel
D:5:      first_ration, nicolae_tso_besieged_by_evil

Skill      XL: |  1  2  3  4  5  6  7  8 |
---------------+-------------------------+-----
Fighting       | 3 4 |  4.5
Axes           | 3 4 6 |  6.7
Dodging        | 1 2 3 4 |  4.0
Shields        | 4 5 |  5.6
Armour         | 4 5 |  5.5

Action                   |  1- 3 |  4- 6 |  7- 9 || total
-------------------------+-------+-------+-------++-------
Melee: War axe           |    88 |   152 |    53 ||   293
 Abil: Heal Wounds       |       |     1 |       ||     1
       Evoke Flight      |       |     1 |       ||     1
  Use: Scroll            |     2 |     7 |       ||     9
       Potion            |     2 |     5 |     2 ||     9
  Eat: Chunk             |       |     4 |     2 ||     6
       Ration            |       |       |     2 ||     2
Armor: Scale mail        |    50 |    46 |       ||    96
       Chain mail        |       |     3 |    14 ||    17
Dodge: Dodged            |    42 |    46 |     4 ||    92
Block: Shield            |    43 |    84 |    39 ||   166
       Reflection        |       |     1 |     2 ||     3

Table legend:
 A = Spawn XP
 B = Non-spawn XP
 C = Spawn XP percentage of total XP
 D = Spawn monster count
 E = Non-spawn monster count
 F = Spawn count percentage of total count
 G = Total turns spent on level
                    A         B        C        D         E        F      G
               +---------+---------+-------+---------+---------+-------+---------
         Total |       0 |    1783 |   0.0 |       0 |      84 |   0.0 |  2871
               +---------+---------+-------+---------+---------+-------+---------
           D:1 |       0 |      36 |   0.0 |       0 |      22 |   0.0 |   464
           D:2 |       0 |     183 |   0.0 |       0 |      28 |   0.0 |   673
           D:3 |       0 |     342 |   0.0 |       0 |      18 |   0.0 |   644
           D:4 |       0 |    1019 |   0.0 |       0 |      10 |   0.0 |   958
           D:5 |       0 |     203 |   0.0 |       0 |       6 |   0.0 |   132
               +---------+---------+-------+---------+---------+-------+---------
